 Dungeon Crawl Stone Soup version 0.30-a0-4-ga7cffc901d (webtiles) character file.

Game seed: 17392929254159782006

417 SensoryNuts the Covered (level 6, -7/50 HPs)
             Began as a Barachi Fighter on Aug 21, 2022.
             Mangled by a gnoll
             ... wielding a +0 flail
              (12 damage)
             ... on level 4 of the Dungeon.
             The game lasted 00:05:47 (3430 turns).

SensoryNuts the Covered (Barachi Fighter)           Turns: 3430, Time: 00:05:48

Health: -7/50      AC:  7    Str: 19    XL:     6   Next: 93%
Magic:  6/6        EV:  9    Int:  8    God:
Gold:   243        SH:  6    Dex: 12    Spells: 5/5 levels left

rFire   . . .      SeeInvis .    a - +0 long sword
rCold   . . .      Faith    .    c - +1 buckler
rNeg    . . .      Spirit   .    b - +0 scale mail
rPois   .          Reflect  .    (helmet restricted)
rElec   .          Harm     .    (no cloak)
rCorr   .          Rampage  .    (no gloves)
Will    .....                    (no boots)
Stlth   ..........               f - amulet of regeneration
HPRegen 0.96/turn                (no ring)
MPRegen 0.10/turn                (no ring)

@: studying Ranged Weapons, slow
A: amphibious, slowness 1, strong legs 1, +LOS, horns 1, high MP 1, wild magic 1
a: Hop


You were on level 4 of the Dungeon.
You visited 2 branches of the dungeon, and saw 5 of its levels.

You collected 243 gold pieces.

Inventory:

Hand Weapons
 a - a +0 long sword (weapon)
Armour
 b - a +0 scale mail (worn)
 c - a +1 buckler (worn)
Jewellery
 d - a ring of ice
 f - an amulet of regeneration (around neck)
Scrolls
 g - a scroll of blinking
 h - 2 scrolls of amnesia
 i - a scroll of summoning
 l - a scroll of teleportation
 r - a scroll of noise
Potions
 e - a potion of curing
 n - a potion of heal wounds
 o - a potion of resistance {unknown}
 p - a potion of attraction {unknown}
 s - a potion of lignification {unknown}
Miscellaneous
 k - a lightning rod (4/4)


   Skills:
 + Level 4.8 Fighting
 + Level 5.2 Long Blades
 + Level 5.6 Armour
 + Level 1.5 Dodging
 + Level 0.2 Stealth
 + Level 4.6 Shields


You had 5 spell levels left.
You didn't know any spells.
Your spell library was empty.

Dungeon Overview and Level Annotations

Branches:
Dungeon (4/15)             Temple (1/1) D:4

Altars:
Cheibriados
Fedhas
Kikubaaqudgha
Nemelex Xobeh
Okawaru
Qazlal
Uskayaw
Vehumet
Wu Jian
Xom
Yredelemnul
Zin
The Shining One


Innate Abilities, Weirdness & Mutations

You are amphibious.
You cover ground slowly.
You can hop short distances.
You have an extended range of vision and can be seen from far away.
You have a pair of small horns on your head.
You have an increased reservoir of magic. (+10% MP)
Your spells are a little harder to cast, but a little more powerful.


Message History

The gnoll hits you with a +0 club. The gnoll closely misses you.
The gnoll hits you from afar with a +0 halberd.
You hit the gnoll.
You kill the gnoll!
The gnoll misses you. The gnoll closely misses you.
You swing at nothing.
The gnoll closely misses you. You block the gnoll's attack.
You swing at nothing.
You block the gnoll's attack. The gnoll closely misses you.
The gnoll hits you from afar with a +0 halberd.
The gnoll misses you. The gnoll completely misses you.
The gnoll hits you with a +0 halberd.
You hit the gnoll but do no damage. The gnoll hits you with a +0 halberd!
The gnoll closely misses you.
You hit the gnoll. You headbutt the gnoll.
The gnoll is heavily wounded.
The gnoll barely misses you. The gnoll closely misses you.
You closely miss the gnoll. You headbutt the gnoll.
The gnoll is severely wounded.
You block the gnoll's attack. The gnoll barely misses you. x2
The gnoll hits you with a +0 halberd!
* * * LOW HITPOINT WARNING * * *
You closely miss the gnoll.
The gnoll is severely wounded.
The gnoll closely misses you. You block the gnoll's attack.
You hit the gnoll.
The gnoll is severely wounded.
You block the gnoll's attack. The gnoll closely misses you.
You hit the gnoll.
You kill the gnoll!
The gnoll barely misses you.
You closely miss the gnoll. You headbutt the gnoll.
The gnoll is heavily wounded.
The gnoll barely misses you. The gnoll hits you with a +0 halberd.
You completely miss the gnoll.
The gnoll is heavily wounded.
The gnoll misses you. The gnoll hits you with a +0 halberd!
* * * LOW HITPOINT WARNING * * *
The gnoll hits you with a +0 flail!
You die...

#....##.##..##............#
#
#...##...##...............#
##
#...#.##..#...#..........##
#.
#........)...#...........#
##.
#...#..##)#.....#.......##
#..
##..##...##.....#.......#
##..
#...##.##..#..###.....##
#... ###.......##..#
#.....# ##..รท
####...####@####..### #....
##...## #gg# #### #....
##...######..# #....
##...## #?....# #....
##...###....##.# ##...
#...##...... .# ####
#..###.....# .# #### ######
##


You could see 2 gnolls.

Vanquished Creatures
  2 centaurs (D:4)
  An orc priest (D:3)
  A jelly (D:3)
  An orc wizard (D:3)
  Robin (D:3)
  2 adders (D:3)
  5 gnolls
  3 worms (D:2)
  2 dart slugs
  5 orcs
  4 endoplasms
  4 giant cockroaches
  12 goblins
  7 hobgoblins
  3 jackals (D:4)
  2 quokkas
  7 ball pythons
  3 bats
  5 frilled lizards
  5 kobolds
  4 rats
79 creatures vanquished.

Notes
Turn   | Place    | Note
-------+----------+-------------------------------------------
     0 | D:1      | SensoryNuts the Barachi Fighter began the quest for the
                  | Orb.
     0 | D:1      | Reached XP level 1. HP: 18/18 MP: 1/1
   268 | D:1      | Reached XP level 2. HP: 25/25 MP: 2/2
   894 | D:2      | Reached XP level 3. HP: 30/30 MP: 3/3
  1241 | D:2      | Found a faded altar of an unknown god.
  1564 | D:3      | Noticed Robin
  1645 | D:3      | Killed Robin
  1646 | D:3      | Reached XP level 4. HP: 37/37 MP: 4/4
  1787 | D:3      | Reached skill level 1 in Dodging
  1787 | D:3      | Reached XP level 5. HP: 42/42 MP: 5/5
  1831 | D:3      | Gained mutation: You have a pair of small horns on your
                  | head. [potion of mutation]
  1831 | D:3      | Gained mutation: Your spells are a little harder to cast,
                  | but a little more powerful. [potion of mutation]
  1831 | D:3      | Gained mutation: You have an increased reservoir of magic.
                  | (+10% MP) [potion of mutation]
  2114 | D:3      | Reached skill level 5 in Armour
  2427 | D:3      | Reached XP level 6. HP: 49/49 MP: 6/6
  2955 | D:4      | Found a staircase to the Ecumenical Temple.
  3067 | Temple   | Entered the Ecumenical Temple
  3067 | Temple   | Noticed Asaittat the pandemonium lord
  3067 | Temple   | Noticed Refevu the pandemonium lord
  3067 | Temple   | Noticed a ynoxinul
  3067 | Temple   | Noticed an Executioner
  3067 | Temple   | Noticed Sunuinae the pandemonium lord
  3067 | Temple   | Noticed Hosihif the pandemonium lord
  3067 | Temple   | Noticed a sun demon
  3068 | Temple   | Noticed a reaper
  3068 | Temple   | Noticed a blizzard demon
  3068 | Temple   | Noticed an ice devil
  3069 | Temple   | Noticed an Executioner
  3070 | Temple   | Noticed Tocwista the pandemonium lord
  3071 | Temple   | Noticed a Brimstone Fiend
  3071 | Temple   | Noticed a rust devil
  3111 | Temple   | Noticed Eguz the pandemonium lord
  3111 | Temple   | Noticed a sun demon
  3111 | Temple   | Noticed a green death
  3126 | Temple   | Noticed a hell beast
  3281 | D:4      | Found a shimmering altar of Xom.
  3354 | D:4      | Reached skill level 5 in Long Blades
  3430 | D:4      | Mangled by a gnoll

Illustrated notes

Levels and vault maps discovered:
D:1:      onia_arrival_mini_spirals, layout_loops_cross
D:2:      layout_basic, hellmonk_ecumenical_altar_prayer_group,
          chequers_serial_rivers_marsh, minmay_misc_feat_five, chequers_jeans
D:3:      layout_basic, minmay_checkerbox, uniq_robin
D:4:      layout_cave_pods, old_standard_altar,
          mainiacjoe_overflow_surrounded_room, mainiacjoe_overflow_chevrons,
          lemuel_doored_altar, nicolae_hepliaklqana_monster_ancestors,
          minmay_manual_mares
Temple:   nicolae_temple_panitentiary

Skill      XL: |  1  2  3  4  5  6 |
---------------+-------------------+-----
Armour         | 4 5 |  5.6
Long Blades    | 3 4 5 |  5.2
Fighting       | 4 |  4.8
Dodging        | 1 |  1.5
Shields        | 4 |  4.6
Stealth        | |  0.2

Action                   |  1- 3 |  4- 6 || total
-------------------------+-------+-------++-------
Melee: Long sword        |   170 |   151 ||   321
       Headbutt          |       |    24 ||    24
 Abil: Hop               |       |     1 ||     1
  Use: Potion            |       |     7 ||     7
       Scroll            |       |     7 ||     7
Armor: Scale mail        |    98 |   134 ||   232
Dodge: Dodged            |    93 |   129 ||   222
Block: Buckler           |    52 |    66 ||   118

Table legend: (Time is in decaauts)
 A = Elapsed time spent in this place.
 B = Non-inter-level travel time spent in this place.
 C = Inter-level travel time spent in this place.
 D = Time resting spent in this place.
 E = Time spent auto-exploring this place.
 F = Levels seen in this place.
 G = Mean time per level.
                   A        B        C        D        E       F      G
               +--------+--------+--------+--------+--------+-----+--------+
         Total |   4099 |   3426 |    673 |      2 |   2470 |   5 |  819.8 |
       Dungeon |   3894 |   3221 |    673 |      0 |   2374 |   4 |  973.5 |
        Temple |    205 |    205 |      0 |      2 |     96 |   1 |  205.0 |
               +--------+--------+--------+--------+--------+-----+--------+

Top non-repeatable levels by time:
     D:3: 1575 daAuts
     D:2: 1167 daAuts
     D:1: 794 daAuts
     D:4: 356 daAuts
  Temple: 205 daAuts
